 Dungeon Crawl Stone Soup version 0.30.1-11-g7821555f0a (webtiles) character file.

Game seed: 1253664194320003477

44 SacredBeard the Vexing (level 3, -2/20 HPs)
             Began as a Deep Elf Hexslinger on Oct 31, 2023.
             Slain by an adder (4 damage)
             ... on level 2 of the Dungeon.
             The game lasted 00:02:21 (794 turns).

SacredBeard the Vexing (Deep Elf Hexslinger)         Turns: 794, Time: 00:02:22

Health: -2/20      AC:  3    Str:  7    XL:     3   Next: 41%
Magic:  8/8        EV: 12    Int: 17    God:
Gold:   98         SH:  0    Dex: 17    Spells: 5/6 levels left

rFire   . . .        g - +0 dagger
rCold   . . .        (no shield)
rNeg    . . .        e - +0 leather armour
rPois   .            (no helmet)
rElec   .            (no cloak)
rCorr   .            (no gloves)
SInv    .            (no boots)
Will    .....        (no amulet)
Stlth   +            (no ring)
HPRegen 0.23/turn    (no ring)
MPRegen 0.11/turn

%: no passive effects
@: lethally poisoned (-2 -> -6)
A: no striking features
a: no special abilities


You were on level 2 of the Dungeon.
You visited 1 branch of the dungeon, and saw 2 of its levels.

You collected 98 gold pieces.

Inventory:

Hand Weapons
 a - a +1 sling
 g - a +0 dagger (weapon)
Armour
 e - a +0 leather armour (worn)
Magical Staves
 l - a staff of conjuration
Jewellery
 m - a ring of flight
Scrolls
 b - 2 scrolls of poison
 d - a scroll of fear {unknown}
 h - a scroll of identify {unknown}
 k - a scroll of teleportation {unknown}
Potions
 c - a potion of attraction {unknown}
 f - a potion of invisibility {unknown}
 i - a potion of mutation {unknown}
 j - 2 potions of flight {unknown}
 n - a potion of brilliance {unknown}


   Skills:
 - Level 1.0 Fighting
 * Level 3.7 Ranged Weapons
 + Level 0.6 Armour
 + Level 2.8 Dodging
 + Level 2.1 Spellcasting
 + Level 4.3 Hexes


You had 5 spell levels left.
You knew the following spells:

 Your Spells              Type           Power      Damage    Failure   Level
a - Slow                  Hex            64%        N/A       4%          1

Your spell library contained the following spells:

 Spells                   Type           Power      Damage    Failure   Level
 Inner Flame              Hex/Fire       9%         N/A       34%         3
 Portal Projectile        Hex/Tloc       18%        N/A       34%         3
 Cause Fear               Hex            8%         N/A       41%         4


Dungeon Overview and Level Annotations

Branches:
Dungeon (2/15) Zot: 11183

Altars:


Message History

The sling bullet hits the dart slug.
The dart slug is almost dead.
You shoot a sling bullet.
The sling bullet closely misses the adder.
The adder bites you.
You shoot a sling bullet. The sling bullet hits the adder.
The adder is lightly wounded.
The adder closely misses you.
You shoot a sling bullet.
The sling bullet hits the adder but does no damage.
The adder is lightly wounded.
The adder bites you. The adder barely misses you.
The dart slug launches a dart at you. The slug dart misses you.
You shoot a sling bullet. The sling bullet misses the adder.
The adder closely misses you. The dart slug launches a dart at you.
The slug dart hits you.
You are too injured to fight recklessly!
You are too injured to fight recklessly!
There are monsters nearby!
You are too injured to fight recklessly!
You are too injured to fight recklessly!
You are too injured to fight recklessly!
You are too injured to fight recklessly!
g - a +0 dagger (weapon)
The adder bites you.
You are poisoned.
The adder poisons you!
You hit the adder but do no damage.
The adder is lightly wounded.
You feel sick. The adder bites you but does no damage.
The dart slug launches a dart at you. The slug dart hits you.
* * * LOW HITPOINT WARNING * * *
You closely miss the adder.
The adder is lightly wounded.
* * * LOW HITPOINT WARNING * * *
You feel sick. The adder misses you. The adder bites you.
You die...

##.# ##...# #..# #...##
[#....> #.####..##
###.#..... .......##
##(..#..... .#....##
#..#..w.†.. .#....#
##>......... .#<...#
#......?.<
......#######...S..#
................@..#...
......##.............#
......##...........###
...†............(..#
......##..............
......##...............
##.................###.
#.#################


You could see an adder and a dart slug.

Vanquished Creatures
  An adder (D:2)
  2 dart slugs (D:1)
  A worm (D:2)
  3 endoplasms
  A giant cockroach (D:1)
  A goblin (D:1)
  2 hobgoblins (D:1)
  4 jackals (D:1)
  3 ball pythons (D:1)
  2 bats (D:1)
  2 frilled lizards (D:1)
  4 kobolds (D:1)
  2 rats
28 creatures vanquished.

Notes
Turn   | Place    | Note
-------+----------+-------------------------------------------
     0 | D:1      | SacredBeard the Deep Elf Hexslinger began the quest for the
                  | Orb.
     0 | D:1      | Reached XP level 1. HP: 11/11 MP: 5/5
   124 | D:1      | Reached XP level 2. HP: 16/16 MP: 6/6
   251 | D:1      | Reached skill level 1 in Fighting
   460 | D:1      | Reached XP level 3. HP: 20/20 MP: 8/8
   794 | D:2      | Slain by an adder

Illustrated notes

Levels and vault maps discovered:
D:1:      dpeg_arrival_rhombus, layout_loops_ring, grunt_decor_fettered
D:2:      cheibrodos_fertilizer, layout_rooms,
          amcnicky_mini_rare_corridor_liquid, uniq_natasha

Skill      XL: |  1  2 |
---------------+-------+-----
Ranged Weapons | 3 |  3.7
Fighting       | 1 |  1.0
Spellcasting   | 2 |  2.1
Armour         | |  0.6
Dodging        | |  2.8
Hexes          | |  4.3

Action                     || total
---------------------------++-------
  Melee: Dagger            ||     2
   Fire: Sling             ||    82
 Armour: Leather armour    ||     9
  Dodge: Dodged            ||    30
